 Dungeon Crawl Stone Soup version 0.31-a0-844-gdc52ec4e09 (webtiles) character file.

Game seed: 5114528389933713164

48 garrulousMonolith the Slasher (level 3, -6/28 HPs)
             Began as a Demonspawn Gladiator on Sept 28, 2023.
             Mangled by a gnoll
             ... wielding a +0 flail
              (11 damage)
             ... on level 1 of the Dungeon.
             The game lasted 00:01:54 (1217 turns).

garrulousMonolith the Slasher (DsGl)                Turns: 1217, Time: 00:01:55

Health: -6/28      AC:  4    Str: 14    XL:     3   Next: 50%
Magic:  3/3        EV: 12    Int:  9    God:
Gold:   61         SH:  0    Dex: 16    Spells: 2/2 levels left

rFire   . . .        a - +0 long sword
rCold   . . .        (no shield)
rNeg    . . .        b - +0 leather armour
rPois   .            c - +0 helmet
rElec   .            (no cloak)
rCorr   .            (no gloves)
SInv    .            (no boots)
Will    .....        (no amulet)
Stlth   +            (no ring)
HPRegen 0.24/turn    (no ring)
MPRegen 0.08/turn

%: no passive effects
@: no status effects
A: foul stench 1, powered by death 1
a: no special abilities


You were on level 1 of the Dungeon.
You visited 1 branch of the dungeon, and saw 2 of its levels.

You collected 61 gold pieces.

Inventory:

Hand Weapons
 a - a +0 long sword (weapon)
 h - a +1 dagger of flaming
 k - a +0 orcbow
Missiles
 d - 3 throwing nets (quivered)
 e - a javelin
 j - a stone
Armour
 b - a +0 leather armour (worn)
 c - a +0 helmet (worn)
Scrolls
 g - a scroll of fog {unknown}
 i - a scroll of enchant weapon {unknown}
Potions
 f - a potion of curing


   Skills:
 + Level 2.4 Fighting
 * Level 3.3 Long Blades
 - Level 2.0 Throwing
 + Level 1.0 Armour
 + Level 3.0 Dodging


You had 2 spell levels left.
You didn't know any spells.
Your spell library was empty.

Dungeon Overview and Level Annotations

Branches:
Dungeon (2/15)

Altars:


Innate Abilities, Weirdness & Mutations

You may rarely emit foul miasma when damaged in melee.
You regenerate a little health from kills.


Message History

You are too injured to fight recklessly!
You are too injured to fight recklessly!
You are too injured to fight recklessly!
You are too injured to fight recklessly!
You are too injured to fight recklessly!
You are too injured to fight recklessly!
You are too injured to fight recklessly!
You are too injured to fight recklessly!
You are too injured to fight recklessly!
You are too injured to fight recklessly!
You are too injured to fight recklessly!
You are too injured to fight recklessly!
You are too injured to fight recklessly!
You are too injured to fight recklessly!
You are too injured to fight recklessly!
The gnoll attacks as it pursues you! The gnoll barely misses you.
The gnoll attacks as it pursues you! The gnoll barely misses you.
The gnoll attacks as it pursues you! The gnoll hits you with a +0 flail.
The gnoll attacks as it pursues you! The gnoll hits you with a +0 flail!
The gnoll attacks as it pursues you! The gnoll barely misses you.
The gnoll attacks as it pursues you! The gnoll hits you with a +0 flail.
Okay, then.
It was a potion of curing.
You feel better. The gnoll hits you with a +0 flail!
The gnoll attacks as it pursues you! The gnoll closely misses you.
You see here a +0 club.
Found a flux talisman.
Found a bubbling inky potion.
Things that are here:
a +0 club; a goblin skeleton
There is a stone staircase leading up here.
The gnoll hits you with a +0 flail!
The gnoll hits you from afar with a +0 halberd!
* * * LOW HITPOINT WARNING * * *
You climb upwards.
There is a stone staircase leading down here.
You hit the gnoll. Your punch misses the gnoll.
The gnoll is lightly wounded.
The gnoll hits you with a +0 flail!
You die...

#.# #.#.###..##.####.# #.#
#........##.# #.# #.#
###.........# #.. ##.##
######'#### #.# #...#
##...## #.# #.#.###
##.....## #.# #...#.##
##.......## #..
###....####........†###..
#....g@.+.........'....
####....####.........###..
#........# ##.....).##....
#.##..##.# ##.....###....
#.#...##.# ##...## #....
#........# ##'## #....
#.#.#.#### #.# #....
#.#.#.# #.# ##### #.....#
####.###


You could see a gnoll.

Vanquished Creatures
  An adder (D:2)
  A worm (D:1)
  A dart slug (D:1)
  5 bats
  3 endoplasms (D:1)
  A giant cockroach (D:2)
  4 goblins
  2 hobgoblins (D:1)
  2 kobolds (D:1)
  3 quokkas (D:1)
  A ball python (D:1)
  4 frilled lizards
  4 rats
32 creatures vanquished.

Notes
Turn   | Place    | Note
-------+----------+-------------------------------------------
     0 | D:1      | garrulousMonolith the Demonspawn Gladiator began the quest
                  | for the Orb.
     0 | D:1      | Reached XP level 1. HP: 16/16 MP: 1/1
   190 | D:1      | Gained mutation: You regenerate a little health from kills.
                  | [demonic ancestry]
   190 | D:1      | Reached XP level 2. HP: 22/22 MP: 2/2
   906 | D:2      | Gained mutation: You may rarely emit foul miasma when
                  | damaged in melee. [demonic ancestry]
   906 | D:2      | Reached XP level 3. HP: 27/27 MP: 3/3
  1121 | D:2      | Reached skill level 1 in Armour
  1217 | D:1      | Mangled by a gnoll

Illustrated notes

Levels and vault maps discovered:
D:1:      lightli_arrival_isolated_outpost, layout_loops_corners
D:2:      layout_loops_ring, chequers_serial_rivers_micro_e, dk_noncrumbling_4,
          nicolae_underground_beach

Skill      XL: |  1  2  3 |
---------------+----------+-----
Long Blades    | 3 |  3.3
Throwing       | 2 |  2.0
Armour         | 1 |  1.0
Dodging        | 3 |  3.0
Fighting       | |  2.4

Action                     || total
---------------------------++-------
  Melee: Long sword        ||   119
         Punch             ||     1
    Use: Potion            ||     1
 Armour: Leather armour    ||    94
  Dodge: Dodged            ||    93

Table legend: (Time is in decaauts)
 A = Elapsed time spent in this place.
 B = Non-inter-level travel time spent in this place.
 C = Inter-level travel time spent in this place.
 D = Time resting spent in this place.
 E = Time spent auto-exploring this place.
 F = Levels seen in this place.
 G = Mean time per level.
                   A        B        C        D        E       F      G
               +--------+--------+--------+--------+--------+-----+--------+
         Total |   1257 |   1241 |     16 |     37 |    864 |   2 |  628.5 |
       Dungeon |   1257 |   1241 |     16 |     37 |    864 |   2 |  628.5 |
               +--------+--------+--------+--------+--------+-----+--------+

Top non-repeatable levels by time:
     D:1: 949 daAuts
     D:2: 308 daAuts
